 Dungeon Crawl Stone Soup version 0.31-a0-1165-g196b491b36 (webtiles) character file.

Game seed: 17117510545378351782

2979 jasper the Fighter (level 9, -2/74 HPs)
             Began as a Mummy Necromancer on Dec 9, 2023.
             Was a Priest of Kikubaaqudgha.
             Slain by Gastronok (30 damage)
             ... on level 8 of the Dungeon.
             The game lasted 00:14:05 (6750 turns).

jasper the Fighter (Mummy Necromancer)              Turns: 6750, Time: 00:14:06

Health: -2/74      AC:  8    Str: 12    XL:     9   Next: 53%
Magic:  1/19       EV: 14    Int: 18    God:    Kikubaaqudgha [***...]
Gold:   242        SH:  0    Dex: 12    Spells: 2/22 levels left

rFire   x . .        y - +2 short sword (elec)
rCold   + . .        (no shield)
rNeg    + + +        a - +0 robe
rPois   ∞            h - +1 helmet
rElec   .            (no cloak)
rCorr   +            (no gloves)
SInv    .            (no boots)
Will    +....        f - amulet of magic regeneration
Stlth   ++           d - ring of resist corrosion
HPRegen 0.32/turn    o - +4 ring of protection
MPRegen 0.56/turn

%: faith
@: slowed, very slow
A: cold resistance 1, negative energy resistance 3, torment resistance 2, heat
vulnerability 1, in touch with death 1, no potions, faith
a: Renounce Religion, Unearth Wretches


You were on level 8 of the Dungeon.
You worshipped Kikubaaqudgha.
Kikubaaqudgha was most pleased with you.
You visited 1 branch of the dungeon, and saw 8 of its levels.

You collected 472 gold pieces.
You spent 230 gold pieces at shops.

Inventory:

Hand Weapons
 e - a +0 sling
 g - a +4 flail
 s - a +0 quarterstaff
 y - a +2 short sword of electrocution (weapon)
Missiles
 j - 16 poisoned darts
 k - 3 darts of dispersal
 r - a throwing net
 u - 2 curare-tipped darts
Armour
 a - a +0 robe (worn)
 h - a +1 helmet (worn)
Jewellery
 d - a ring of resist corrosion (left hand)
 f - an amulet of magic regeneration (around neck)
 o - a +4 ring of protection (right hand)
 v - a ring of protection from cold
 w - a ring of wizardry
Wands
 m - a wand of quicksilver (2)
 n - a wand of flame (20)
 p - a wand of paralysis (6)
Scrolls
 b - 4 scrolls of teleportation
 c - 5 scrolls of identify
 i - 6 scrolls of blinking
 l - 3 scrolls of fear
 q - 3 scrolls of torment
 t - 2 scrolls of noise
 x - a scroll of enchant weapon
 z - a scroll of enchant armour


   Skills:
 - Level 8.0 Fighting
 + Level 7.0 Dodging
 - Level 1.5 Stealth
 - Level 7.1 Spellcasting
 - Level 4.0 Necromancy
 - Level 3.0 Air Magic


You had 2 spell levels left.
You knew the following spells:

 Your Spells              Type           Power      Damage    Failure   Level
a - Necrotise             Necr           100%       1d9       1%          1
b - Vampiric Draining     Necr           31%        2d8       6%          3
c - Swiftness             Air            17%        N/A       10%         3
d - Cigotuvi's Dreadful   Necr/Pois/Air  44%        N/A       6%          2
e - Borgnjor's Vile Clut  Necr/Erth      10%        N/A       78%         5
f - Simulacrum            Ice/Necr       10%        N/A       100%        6

Your spell library contained the following spells:

 Spells                   Type           Power      Damage    Failure   Level
 Kiss of Death            Conj/Necr      80%        2d11      4%          1
 Ensorcelled Hibernation  Hex/Ice        12%        N/A       16%         2
 Passwall                 Tmut/Erth      5%         N/A       16%         2
 Animate Dead             Necr           31%        N/A       21%         4
 Anguish                  Hex/Necr       10%        N/A       43%         4
 Agony                    Necr           31%        N/A       50%         5
 Death Channel            Necr           15%        N/A       97%         6


Dungeon Overview and Level Annotations

Branches:
Dungeon (8/15)             Temple (0/1) D:5
   Lair: D:8-11

Altars:
Ashenzari
Hepliaklqana
Kikubaaqudgha

Shops:
D:4 ?

Annotations:
D:8 Gastronok


Innate Abilities, Weirdness & Mutations

You are immune to poison.
Your flesh is cold resistant. (rC+)
You are immune to negative energy. (rN+++)
You are immune to unholy pain and torment.
You are vulnerable to heat. (rF-)
You are in touch with the powers of death.
You do not drink.
You have a special connection with the divine. (Faith)


Message History

Aim: Gastronok, wearing a +2 hat (heavily wounded)
You feel a surge of power!
You draw life force from Gastronok!
You feel life coursing into your body! The quokka barely misses you.
Gastronok bites you!!
* * * LOW HITPOINT WARNING * * *
You take 24 damage, and have 12/74 hp.
MASSIVE DAMAGE!!
You now have 8/19 mp.
Casting: Vampiric Draining (dangerous; 6% risk of failure)
Confirm with . or Enter, or press ? or * to list all spells.
Aiming: Vampiric Draining (dangerous; 6% risk of failure)
Press: ? - help, Shift-Dir - straight line, f/p - Gastronok
Aim: Gastronok, wearing a +2 hat (severely wounded)
You feel a surge of power!
You draw life force from Gastronok!
You feel life coursing into your body. The quokka misses you. x2
Gastronok looks at you and mumbles some strange words.
You barely resist.
You regained 5 hp, and now have 17/74 hp.
You now have 5/19 mp.
Casting: Vampiric Draining (dangerous; 6% risk of failure)
Confirm with . or Enter, or press ? or * to list all spells.
Aiming: Vampiric Draining (dangerous; 6% risk of failure)
Press: ? - help, Shift-Dir - straight line, f/p - Gastronok
Aim: Gastronok, wearing a +2 hat (severely wounded)
You feel a surge of power!
You draw life force from Gastronok!
You feel life coursing into your body!
You hear the steady creaking of a portcullis very nearby.
The quokka bites you but does no damage.
The quokka closely misses you.
You regained 8 hp, and now have 25/74 hp.
You now have 3/19 mp.
Casting: Vampiric Draining (dangerous; 6% risk of failure)
Confirm with . or Enter, or press ? or * to list all spells.
Aiming: Vampiric Draining (dangerous; 6% risk of failure)
Press: ? - help, Shift-Dir - straight line, f/p - Gastronok
Aim: Gastronok, wearing a +2 hat (severely wounded)
You feel a surge of power!
You draw life force from Gastronok.
You feel life coursing into your body. The quokka completely misses you.
Gastronok bites you!!
You die...
Gastronok gurgles, "Time to dig in!"
Kikubaaqudgha rasps: "You have failed me!
Welcome... oblivion!"

#.........#.#.#.##...
#.........#...#.##.##
#.........#Z###.##.#
#.........#.#<#.##.##
#.........#Z#.#.##.#.
#.........#.#)#.##.#.
######'#.#.#(#....#'
###########.#.#.)Z#..##..
.......w@r#.#.#####..##..
......###.#.#........##..
..... #.#.########.##..
.... #.#.# #.##.. ..w
#...# #.##.. .. #####
#.##.. . #.##.. .....


You could see Gastronok and a quokka (summoned).

Vanquished Creatures
  An orc warrior (D:8)
  A black bear (D:4)
  3 ice beasts
  3 ogres
  A phantom (D:6)
  2 centaurs (D:7)
  2 kobold brigands
  A bullfrog (D:8)
  4 scorpions
  9 wights
  An electric eel (D:7)
  4 jellies
  2 orc priests (D:6)
  2 gnoll boudas
  2 hounds
  2 sleepcaps
  Ijyb (D:3)
  Natasha (thrice) (D:3)
  3 iguanas
  4 orc wizards
  9 adders
  16 gnolls
  2 ufetubi (D:6)
  3 worms
  2 dart slugs
  15 orcs
  9 ball pythons
  13 endoplasms
  2 giant cockroaches (D:2)
  12 goblins
  12 hobgoblins
  9 jackals
  A quokka (D:3)
  6 bats
  4 frilled lizards
  19 kobolds
  6 rats
191 creatures vanquished.

Vanquished Creatures (collateral kills)
  A gnoll bouda (D:5)
  An iguana (D:5)
2 creatures vanquished.

Grand Total: 193 creatures vanquished

Notes
Turn   | Place    | Note
-------+----------+-------------------------------------------
     0 | D:1      | jasper the Mummy Necromancer began the quest for the Orb.
     0 | D:1      | Reached XP level 1. HP: 13/13 MP: 4/4
   264 | D:1      | Found a faded altar of an unknown god.
   319 | D:1      | Reached XP level 2. HP: 19/19 MP: 4/6
  1238 | D:2      | Reached XP level 3. HP: 23/24 MP: 3/8
  1251 | D:2      | Learned a level 3 spell: Vampiric Draining
  1388 | D:2      | Reached skill level 5 in Spellcasting
  1784 | D:2      | Reached XP level 4. HP: 13/30 MP: 5/11
  2360 | D:3      | Reached XP level 5. HP: 35/35 MP: 10/14
  2528 | D:3      | Noticed Natasha
  2542 | D:3      | Killed Natasha
  2588 | D:3      | Learned a level 3 spell: Swiftness
  2651 | D:3      | Noticed Natasha
  2658 | D:3      | Killed Natasha
  2659 | D:3      | Reached skill level 1 in Air Magic
  2704 | D:3      | Noticed Natasha
  2709 | D:3      | Killed Natasha
  2909 | D:3      | Reached XP level 6. HP: 41/41 MP: 14/16
  2942 | D:3      | Noticed Ijyb
  2965 | D:3      | Paralysed by Ijyb for 2 turns
  2967 | D:3      | Killed Ijyb
  3163 | D:4      | Reached skill level 1 in Fighting
  3190 | D:4      | Found an ancient bone altar of Kikubaaqudgha.
  3198 | D:4      | Became a worshipper of Kikubaaqudgha
  3263 | D:4      | Reached XP level 7. HP: 49/49 MP: 14/17
  3403 | D:4      | Found Voessovo's Magic Scroll Shoppe.
  3414 | D:4      | Bought a scroll of fear for 40 gold pieces
  3414 | D:4      | Bought a scroll of torment for 95 gold pieces
  3414 | D:4      | Bought a scroll of torment for 95 gold pieces
  3424 | D:4      | Reached skill level 2 in Fighting
  3575 | D:5      | Entered Level 5 of the Dungeon
  3776 | D:5      | Found a staircase to the Ecumenical Temple.
  3993 | D:5      | Reached skill level 3 in Fighting
  4124 | D:5      | Reached skill level 4 in Fighting
  4163 | D:5      | Reached XP level 8. HP: 60/60 MP: 15/18
  4748 | D:6      | Reached * piety under Kikubaaqudgha
  4748 | D:6      | Received a gift from Kikubaaqudgha
  4749 | D:6      | Reached skill level 5 in Fighting
  4752 | D:6      | Learned a level 2 spell: Cigotuvi's Dreadful Rot
  5184 | D:5      | Reached skill level 5 in Dodging
  5347 | D:6      | Found a hazy altar of Hepliaklqana.
  5393 | D:6      | Reached skill level 6 in Fighting
  5711 | D:6      | Reached ** piety under Kikubaaqudgha
  5712 | D:6      | Reached XP level 9. HP: 67/71 MP: 19/19
  5944 | D:7      | Reached skill level 7 in Fighting
  6152 | D:7      | Found a broken altar of Ashenzari.
  6624 | D:8      | Reached *** piety under Kikubaaqudgha
  6624 | D:8      | Received a gift from Kikubaaqudgha
  6637 | D:8      | Learned a level 5 spell: Borgnjor's Vile Clutch
  6644 | D:8      | Learned a level 6 spell: Simulacrum
  6716 | D:8      | Noticed Gastronok
  6726 | D:8      | Reached skill level 8 in Fighting
  6750 | D:8      | Slain by Gastronok

Illustrated notes

Levels and vault maps discovered:
D:1:      minmay_arrival_wavy_path, layout_basic,
          shapermc_ecumenical_altar_mp_ritualfount
D:2:      layout_loops_cross, dreamdust_mushroom_princess, grunt_ministairs_2
D:3:      kennysheep_the_goblin_king, layout_basic,
          mainiacjoe_overflow_tiny_flanked, minmay_unequal, uniq_natasha
D:4:      layout_rooms, nicolae_kikubaaqudgha_miasma_corner, serial_shops, shop
D:5:      layout_cave_pods, minmay_temple_entry_antechambers
D:6:      layout_cave_pods, kennysheep_mini
D:7:      minmay_clustersquares, layout_basic, nicolae_overflow_squiral,
          okawaru_humans
D:8:      layout_basic, serial_shops, nicolae_shop_hallway_plus, enter_bailey_5,
          uniq_gastronok

Skill      XL: |  1  2  3  4  5  6  7  8  9 |
---------------+----------------------------+-----
Spellcasting   | 3 4 5 6 7 |  7.1
Air Magic      | 1 3 |  3.0
Fighting       | 1 4 6 8 |  8.0
Dodging        | 2 3 5 7 |  7.0
Stealth        | |  1.5
Necromancy     | |  4.0

Action                     |  1- 3 |  4- 6 |  7- 9 || total
---------------------------+-------+-------+-------++-------
  Melee: Flail             |       |    46 |    82 ||   128
         Short sword       |       |       |    52 ||    52
   Fire: Sling             |    43 |       |       ||    43
   Cast: Necrotise         |    48 |   112 |   142 ||   302
         Vampiric Draining |     2 |     7 |    36 ||    45
  Evoke: Wand              |       |       |    20 ||    20
    Use: Scroll            |     5 |     3 |     2 ||    10
 Armour: Robe              |    13 |    57 |   204 ||   274
  Dodge: Dodged            |     4 |    61 |   187 ||   252

Table legend: (Time is in decaauts)
 A = Elapsed time spent in this place.
 B = Non-inter-level travel time spent in this place.
 C = Inter-level travel time spent in this place.
 D = Time resting spent in this place.
 E = Time spent auto-exploring this place.
 F = Levels seen in this place.
 G = Mean time per level.
                   A        B        C        D        E       F      G
               +--------+--------+--------+--------+--------+-----+--------+
         Total |   6831 |   6563 |    268 |    476 |   4727 |   8 |  853.9 |
       Dungeon |   6831 |   6563 |    268 |    476 |   4727 |   8 |  853.9 |
               +--------+--------+--------+--------+--------+-----+--------+

Top non-repeatable levels by time:
     D:1: 1335 daAuts
     D:5: 1263 daAuts
     D:6: 1105 daAuts
     D:2: 1013 daAuts
     D:3: 725 daAuts
     D:4: 544 daAuts
     D:7: 537 daAuts
     D:8: 306 daAuts
